AoeStats
← CDS95

Arena

507496396Analyzed
1v1 RM · 12d ago on Sep 18, 2026· 28m 24s· 2 players
Game mode
Random Map
Map size
Tiny (2 player)
Population
200
Speed
Normal
Resources
Standard
Victory
Conquest
Starting age
Dark Age
Ending age
Imperial Age
RankedLock teamsTeams togetherTeam positionsShared explorationLock speedFull tech treeHidden civsTurbo modeCheats
Victory
Defeat
🇪🇸 Vietnamese · Spain
978
+18
🇮🇳 Maya · India
1016
-18
CDS95
11:15 Feudal Age
15:35 Castle Age
13:31 Double-Bit Axe
13:46 Horse Collar
14:19 Loom
15:35 Gold Mining
17:32 Bow Saw
22:00 Squires
29:42 Imperial Age
Antaj
0:27 Loom
11:15 Feudal Age
15:46 Castle Age
14:05 Double-Bit Axe
15:11 Scale Mail Armor
16:16 Eagle Warrior
18:23 Arson
20:45 Horse Collar
24:54 Squires
26:08 Forging
26:19 Fletching
Connection lost

Rejoining the realm…

Still unreachable

The connection could not be restored.

Session expired

The server has moved on; the page needs a fresh start.